 Dungeon Crawl Stone Soup version 0.17.0-28-g6e173f8 (webtiles) character file.

72 dohliylev the Sneak (level 4, -5/34 HPs)
             Began as a Vampire Assassin on Dec 1, 2015.
             Slain by DEFE's ghost (8 damage)
             ... on level 3 of the Dungeon.
             The game lasted 00:03:35 (1576 turns).

dohliylev the Sneak (Vampire Assassin)              Turns: 1576, Time: 00:03:35

Health: -5/34      AC:  3    Str: 10    XL:     4   Next: 7%
Magic:  4/4        EV: 12    Int: 13    God:
Gold:   81         SH:  0    Dex: 16    Spells: 0 memorised, 3 levels left

rFire  . . .     SeeInvis +     a - +2 dagger
rCold  . . .     Clarity  .     c - +0 robe
rNeg   + . .     SustAt   .     (no shield)
rPois  .         Gourm    .     (no helmet)
rElec  .         Spirit   .     d - +0 cloak
rCorr  .         Warding  .     (no gloves)
rMut   .         Stasis   .     (no boots)
MR     .....                    (no amulet)
Stlth  ++++......               (no ring)
                                n - ring of positive energy

@: regenerating quickly, not resistant to hostile enchantments, stealthy
A: fangs 3, see invisible, unbreathing
a: no special abilities


You were on level 3 of the Dungeon.
You were very full.

You visited 1 branch of the dungeon, and saw 3 of its levels.

You collected 81 gold pieces.

Inventory:

Hand Weapons
 a - a +2 dagger (weapon)
 b - a +0 blowgun
Missiles
 e - 27 poisoned needles
 f - 2 curare-tipped needles
Armour
 c - a +0 robe (worn)
 d - a +0 cloak (worn)
Jewellery
 n - a ring of positive energy (left hand)
Scrolls
 h - 7 scrolls of identify {unknown}
Potions
 g - a potion of blood
 i - a potion of heal wounds {unknown}
 j - a potion of lignification {unknown}
 k - 4 potions of curing {unknown}
 m - a potion of resistance {unknown}
 o - a potion of degeneration {unknown}
Books
 l - a Grand Grimoire

   Spells                             Type                      Level
   a - Monstrous Menagerie            Summoning                    6
   b - Summon Greater Demon           Summoning                    7
   c - Malign Gateway                 Summoning/Translocation      7
   d - Summon Horrible Things         Summoning                    8


   Skills:
 + Level 2.4 Fighting
 + Level 2.5 Short Blades
 + Level 1.7 Throwing
 + Level 1.9 Dodging
 + Level 7.1 Stealth


You had 3 spell levels left.
You didn't know any spells.

Dungeon Overview and Level Annotations

Branches:
Dungeon (3/15)

Altars:
Ashenzari
Cheibriados
Zin

Shops:
D:2 *

Annotations:
D:3 DEFE's ghost, amateur SpFi


Innate Abilities, Weirdness & Mutations

Your natural rate of healing is unusually fast.
You have razor-sharp teeth.
You have supernaturally acute eyesight.
You can survive without breathing.


Message History

DEFE's ghost whispers, "Soon you will have time, lots of time..."
DEFE's ghost hits you.
You hit DEFE's ghost but do no damage.
DEFE's ghost is moderately damaged.
DEFE's ghost hits you.
You miss DEFE's ghost.
DEFE's ghost is moderately damaged.
DEFE's ghost hits you!
* * * LOW HITPOINT WARNING * * *
You hit DEFE's ghost. Your bite misses DEFE's ghost.
DEFE's ghost is heavily damaged.
You hit DEFE's ghost.
DEFE's ghost is heavily damaged.
The adder closely misses you. DEFE's ghost completely misses you.
DEFE's ghost closely misses you. The adder bites you.
* * * LOW HITPOINT WARNING * * *
DEFE's ghost hits you but does no damage.
The adder closely misses you. DEFE's ghost hits you!
You die...

... #..# #.... # #..#####..#
#..(#.. # #.........# ###
#...##. # ##........# ##.##
#...# .## #
......)...###.#.###...# ..# #
.......#...#.###.##...# #.# #
............## ##.#...# #.# ##
............W###......###.###.
............S@#......###......
..........####.#####.###..###.
.........## #.#####..........
######..## #.......###..####
#.# #######.# #..#### #. #.#
#...... #.# #.##### #.# #.# #
#.# #.# #


You could see DEFE's ghost and an adder.

Vanquished Creatures
  4 adders
  2 orcs (D:3)
  2 ball pythons
  2 giant cockroaches
  4 hobgoblins
  3 jackals (D:2)
  A quokka (D:2)
  3 bats
  A giant newt (D:1)
  5 goblins
  5 kobolds
  7 rats
39 creatures vanquished.

Notes
Turn   | Place    | Note
--------------------------------------------------------------
     0 | D:1      | dohliylev the Vampire Assassin began the quest for the Orb.
     0 | D:1      | Reached XP level 1. HP: 16/16 MP: 1/1
    76 | D:1      | Reached skill level 6 in Stealth
    91 | D:1      | Found a shattered altar of Ashenzari.
   280 | D:1      | Reached XP level 2. HP: 12/22 MP: 2/2
   585 | D:2      | Found a snail-covered altar of Cheibriados.
   655 | D:2      | Reached XP level 3. HP: 11/27 MP: 3/3
   887 | D:2      | Found Zin's Purification Station.
   892 | D:2      | Found a glowing silver altar of Zin.
  1375 | D:3      | Reached skill level 7 in Stealth
  1385 | D:3      | Noticed DEFE's ghost (amateur SpFi)
  1405 | D:3      | Reached XP level 4. HP: 10/34 MP: 4/4
  1576 | D:3      | Slain by DEFE's ghost

Action                   |  1- 3 |  4- 6 || total
-------------------------+-------+-------++-------
Melee: Dagger            |   109 |    21 ||   130
 Stab: Sleeping          |    12 |       ||    12
  Eat: Corpse            |     6 |     3 ||     9
